 Dungeon Crawl Stone Soup version 0.31-a0-851-g7ff8af7976 (webtiles) character file.

Game seed: 5231301484509420589

55 Kurtz the Sneak (level 3, -1/29 HPs)
             Began as a Mummy Delver on Oct 6, 2023.
             Killed from afar by Jessica (7 damage)
             ... with a puff of flame
             ... on level 2 of the Dungeon.
             The game lasted 00:01:14 (1214 turns).

Kurtz the Sneak (Mummy Delver)                      Turns: 1214, Time: 00:01:15

Health: -1/29      AC:  4    Str: 15    XL:     3   Next: 67%
Magic:  3/3        EV: 11    Int:  9    God:
Gold:   78         SH:  0    Dex: 15    Spells: 2/2 levels left

rFire   x . .        a - +0 hand axe
rCold   + . .        (no shield)
rNeg    + + +        b - +0 leather armour
rPois   ∞            (no helmet)
rElec   .            (no cloak)
rCorr   .            i - +0 pair of gloves
SInv    .            (no boots)
Will    .....        (no amulet)
Stlth   ++           (no ring)
HPRegen 0.24/turn    (no ring)
MPRegen 0.08/turn

%: faith
@: slowed, very slow
A: cold resistance 1, negative energy resistance 3, torment resistance 2, heat
vulnerability 1, in touch with death 1, no potions, faith
a: no special abilities


You were on level 2 of the Dungeon.
You visited 1 branch of the dungeon, and saw 5 of its levels.

You collected 78 gold pieces.

Inventory:

Hand Weapons
 a - a +0 hand axe (weapon)
Armour
 b - a +0 leather armour (worn)
 i - a +0 pair of gloves (worn)
Wands
 f - a wand of digging (3)
Scrolls
 c - 2 scrolls of fog
 d - a scroll of revelation
 e - a scroll of fear
 g - 3 scrolls of identify {unknown}
 h - 2 scrolls of noise {unknown}
 j - 2 scrolls of teleportation {unknown}
 k - a scroll of brand weapon {unknown}
 l - a scroll of poison {unknown}


   Skills:
 - Level 3.0 Fighting
 * Level 3.3 Axes
 - Level 1.5 Dodging
 - Level 4.1 Stealth


You had 2 spell levels left.
You didn't know any spells.
Your spell library was empty.

Dungeon Overview and Level Annotations

Branches:
Dungeon (5/15)
 Temple: D:4-7

Altars:

Annotations:
D:2 Jessica


Innate Abilities, Weirdness & Mutations

You are immune to poison.
Your flesh is cold resistant. (rC+)
You are immune to negative energy. (rN+++)
You are immune to unholy pain and torment.
You are vulnerable to heat. (rF-)
You are in touch with the powers of death.
You do not drink.
You have a special connection with the divine. (Faith)


Message History

Jessica shouts!
Jessica zaps a wand.
The puff of flame hits you! The fire burns you terribly!
You barely miss Jessica.
Jessica shouts, "You're disturbing me!
I'll have to kill you!" Jessica hits you with a +0 dagger.
You completely miss Jessica. You punch Jessica, but do no damage.
Jessica hits you but does no damage. Jessica hits you with a +0 dagger.
You are too injured to fight recklessly!
You are too injured to fight recklessly!
You are too injured to fight recklessly!
You are too injured to fight recklessly!
You are too injured to fight recklessly!
You are too injured to fight recklessly!
You are too injured to fight recklessly!
You are too injured to fight recklessly!
You are too injured to fight recklessly!
You are too injured to fight recklessly!
You are too injured to fight recklessly!
You are too injured to fight recklessly!
You are too injured to fight recklessly!
You are too injured to fight recklessly!
You are too injured to fight recklessly!
You are too injured to fight recklessly!
You are too injured to fight recklessly!
You completely miss Jessica. Jessica hits you with a +0 dagger.
You hit Jessica.
Jessica is heavily wounded.
Jessica zaps a wand.
The puff of flame hits you. The fire burns you terribly!
* * * LOW HITPOINT WARNING * * *
You barely miss Jessica.
Jessica is heavily wounded.
Jessica closely misses you.
You hit Jessica.
Jessica is almost dead.
Jessica casts a spell at you.
You feel yourself slow down.
You closely miss Jessica.
Jessica is almost dead.
Jessica zaps a wand.
The puff of flame hits you! The fire burns you terribly!
You die...

......#.# #.....# .#.#.##.#
#...#.# ......#.#
##.##.##### .#.#.##.#
#.##.....# ......#.#
#.##.###.### .#.#.##.##
##.#.........
.........#######....########
.#.#.#...##.........#
.......#.##.#.##@@..#
.#.#.###.#.###.##.#.#
............###...†.#
.#.#.###.....#...#..#
....................#
<#.#.###.....###.#.)#######
## ##†...# #.##......!.
##..## #.##.#######
#..####.##........


You could see Jessica.

Vanquished Creatures
  A dart slug (D:2)
  6 endoplasms
  A giant cockroach (D:1)
  3 goblins
  6 hobgoblins
  8 jackals (D:1)
  4 kobolds
  A quokka (D:1)
  2 ball pythons (D:1)
  7 bats (D:1)
  3 frilled lizards (D:1)
  2 rats
44 creatures vanquished.

Notes
Turn   | Place    | Note
-------+----------+-------------------------------------------
     0 | D:5      | Kurtz the Mummy Delver began the quest for the Orb.
     0 | D:5      | Reached XP level 1. HP: 18/18 MP: 1/1
    86 | D:1      | Reached XP level 2. HP: 22/24 MP: 2/2
   421 | D:1      | Reached XP level 3. HP: 29/29 MP: 3/3
  1184 | D:2      | Noticed Jessica
  1214 | D:2      | Killed from afar by Jessica

Illustrated notes

Levels and vault maps discovered:
D:1:      dpeg_arrival_lava_altar, layout_basic
D:2:      layout_loops_ring, st_stairs_12, minivault_5, uniq_jessica
D:3:      minmay_angry_zag, layout_loops_cross,
          grunt_temple_overflow_gold_and_silver,
          mainiacjoe_overflow_concentric_impassable, grunt_ministairs_9
D:4:      layout_rooms, nicolae_wu_jian_wuxing_cycle, uniq_grinder
D:5:      layout_rooms, led_xom_imps, nicolae_ru_sacrificial_ziggurat,
          kennysheep_mini_moat, biasface_ghost_orc_armoury, serial_shops, shop,
          nicolae_shop_window_shopping, nicolae_shop_back_alley_shop,
          minmay_misc_feat_alley, hangedman_decor_lopped, st_stairs_1,
          uniq_blork_the_orc, uniq_sigmund

Skill      XL: |  1  2  3 |
---------------+----------+-----
Axes           | 2 3 |  3.3
Fighting       | |  3.0
Dodging        | |  1.5
Stealth        | |  4.1

Action                     || total
---------------------------++-------
  Melee: Hand axe          ||   145
         Punch             ||     2
   Stab: Sleeping          ||     8
 Armour: Leather armour    ||    82
  Dodge: Dodged            ||    95

Table legend: (Time is in decaauts)
 A = Elapsed time spent in this place.
 B = Non-inter-level travel time spent in this place.
 C = Inter-level travel time spent in this place.
 D = Time resting spent in this place.
 E = Time spent auto-exploring this place.
 F = Levels seen in this place.
 G = Mean time per level.
                   A        B        C        D        E       F      G
               +--------+--------+--------+--------+--------+-----+--------+
         Total |   1239 |   1204 |     35 |      0 |    853 |   5 |  247.8 |
       Dungeon |   1239 |   1204 |     35 |      0 |    853 |   5 |  247.8 |
               +--------+--------+--------+--------+--------+-----+--------+

Top non-repeatable levels by time:
     D:1: 869 daAuts
     D:2: 337 daAuts
     D:4: 16 daAuts
     D:5: 8 daAuts
     D:3: 7 daAuts
